 Dungeon Crawl Stone Soup version 0.31.0-12-g77e489cdc1 (webtiles) character file.

Game seed: 11010641755305961143

2691 dirge the Thaumaturge (level 9, -8/57 HPs)
             Began as a Mummy Necromancer on Feb 26, 2024.
             Was a Follower of Kikubaaqudgha.
             Killed by divine providence
             ... invoked by an orc priest
              (12 damage)
             ... on level 9 of the Dungeon on Feb 27, 2024.
             The game lasted 00:28:50 (6966 turns).

dirge the Thaumaturge (Mummy Necromancer)           Turns: 6966, Time: 00:28:51

Health: -8/57      AC:  3    Str: 11    XL:     9   Next: 38%
Magic:  6/22       EV: 28    Int: 24    God:    Kikubaaqudgha [*.....]
Gold:   227        SH:  0    Dex: 13    Spells: 17/26 levels left

rFire   x . .        a - +2 dagger (vamp)
rCold   + . .        (no shield)
rNeg    + + +        f - +0 robe
rPois   ∞            (no helmet)
rElec   .            p - +0 cloak
rCorr   .            (no gloves)
SInv    .            (no boots)
Will    +....        n - amulet of the acrobat
Stlth   +++          o - +6 ring of intelligence
HPRegen 0.29/turn    (no ring)
MPRegen 0.18/turn

%: acrobat, faith
@: about to teleport, acrobatic, animating dead
A: cold resistance 1, negative energy resistance 3, torment resistance 2, heat
vulnerability 1, in touch with death 1, no potions, faith
a: Renounce Religion, Unearth Wretches


You were on level 9 of the Dungeon.
You worshipped Kikubaaqudgha.
Kikubaaqudgha was aware of your devotion.
You visited 2 branches of the dungeon, and saw 10 of its levels.

You collected 309 gold pieces.
You spent 82 gold pieces at shops.

Inventory:

Hand Weapons
 a - a +2 vampiric dagger (weapon)
Missiles
 l - 19 poisoned darts
Armour
 f - a +0 robe (worn)
 p - a +0 cloak (worn)
Jewellery
 n - an amulet of the acrobat (around neck)
 o - a +6 ring of intelligence (left hand)
Wands
 h - a wand of iceblast (5)
 m - a wand of flame (1)
 q - a wand of paralysis (4)
Scrolls
 b - 3 scrolls of identify
 c - 3 scrolls of noise
 d - a scroll of amnesia
 g - 2 scrolls of revelation
 i - a scroll of enchant armour
 j - 2 scrolls of immolation
 k - a scroll of teleportation
 r - a scroll of silence


   Skills:
 + Level 4.5 Dodging
 + Level 4.9 Stealth
 * Level 9.4 Spellcasting
 * Level 8.6 Necromancy


You had 17 spell levels left.
You knew the following spells:

 Your Spells              Type           Power      Damage    Failure   Level
a - Necrotise             Necr           100%       1d9       1%          1
b - Vampiric Draining     Necr           68%        2d10      1%          3
c - Animate Dead          Necr           68%        N/A       1%          4
d - Kiss of Death         Conj/Necr      100%       2d13      1%          1

Your spell library contained the following spells:

 Spells                   Type           Power      Damage    Failure   Level
 Curse of Agony           Necr           68%        N/A       4%          5


Dungeon Overview and Level Annotations

Branches:
Dungeon (9/15)             Temple (1/1) D:5            Lair (0/5) D:8
    Orc: D:9-12

Altars:
Cheibriados
Dithmenos
Fedhas
Hepliaklqana
Kikubaaqudgha
Makhleb
Nemelex Xobeh
Okawaru
Qazlal
Ru
Sif Muna
Trog
Uskayaw
Vehumet
Wu Jian
Yredelemnul

Shops:
D:4 *   D:6 **   D:7 [

Annotations:
D:3 2 transporters
D:5 exclusion: door
D:6 Edmund


Innate Abilities, Weirdness & Mutations

You are immune to poison.
Your flesh is cold resistant. (rC+)
You are immune to negative energy. (rN+++)
You are immune to unholy pain and torment.
You are vulnerable to heat. (rF-)
You are in touch with the powers of death.
You do not drink.
You have a special connection with the divine. (Faith)


Message History

Casting: Vampiric Draining (safe; 1% risk of failure)
Confirm with . or Enter, or press ? or * to list all spells.
Aiming: Vampiric Draining (safe; 1% risk of failure)
Press: ? - help, Shift-Dir - straight line, f/p - yak
Aim: a yak (heavily wounded)
You feel a surge of power!
You draw life force from the yak!
You feel life coursing into your body.
Casting: Vampiric Draining (safe; 1% risk of failure)
Confirm with . or Enter, or press ? or * to list all spells.
Aiming: Vampiric Draining (safe; 1% risk of failure)
Press: ? - help, Shift-Dir - straight line, f/p - yak
Aim: a yak (severely wounded)
You feel a surge of power!
You draw life force from the yak.
You feel life coursing into your body. The bullfrog hits you.
The orc priest calls down the wrath of Beogh upon you.
Beogh smites you!
* * * LOW HITPOINT WARNING * * *
The yak gores you!
* * * LOW HITPOINT WARNING * * *
The orc knight closely misses you.
Casting: Vampiric Draining (safe; 1% risk of failure)
Confirm with . or Enter, or press ? or * to list all spells.
Aiming: Vampiric Draining (safe; 1% risk of failure)
Press: ? - help, Shift-Dir - straight line, f/p - yak
Aim: a yak (severely wounded)
You feel a surge of power!
You draw life force from the yak!
You feel life coursing into your body. The yak closely misses you.
The orc knight hits you from afar with a +0 glaive!
* * * LOW HITPOINT WARNING * * *
The yak misses you.
As you read the scroll of teleportation, it crumbles to dust.
You feel strangely unstable. The yak misses you. The yak closely misses you.
The bullfrog completely misses you. The yak attacks as it pursues you!
The yak completely misses you.
The orc knight attacks as it pursues you!
The orc knight misses you.
The orc priest invokes the aid of Beogh against you.
Beogh smites you!
You die...
Kikubaaqudgha rasps: "You have failed me!
Welcome... oblivion!"

### ##..⌠..## ### #.#
#.......# #.# #.# #....Y..#
#.# #.# +..hok..+ #.# ###.###
####'######### #.# #>....#
##..o##.#.#.# #.# #.....####
#..yYY#.....###.# #........#
##.F.##.........#
#.....##.######@###.....#####
#.....##..............#.#
###################.###.#
#.....# #######


You could see an orc knight, 3 yaks, a hornet, a wyvern, a bullfrog, a howler
monkey and an orc priest (strong).

Vanquished Creatures
  3 yaks (D:7)
  A wraith (D:9)
  Eustachio (D:6)
  Menkaure (D:5)
  A water moccasin (D:7)
  An orc warrior (D:6)
  An ice beast (D:7)
  A black bear (D:7)
  2 ogres (D:5)
  A centaur (D:6)
  A kobold brigand (D:7)
  4 scorpions
  A bullfrog zombie (D:5)
  2 hounds (D:4)
  An orc priest (D:3)
  A sleepcap (D:6)
  Jessica (D:3)
  Natasha (thrice) (D:3)
  3 iguanas
  6 adders
  2 ufetubi (D:5)
  An adder zombie (D:5)
  2 dart slugs
  10 orcs
  8 ball pythons
  8 endoplasms
  5 giant cockroaches
  5 goblins
  7 hobgoblins
  6 jackals
  11 kobolds
  6 quokkas
  6 bats
  3 frilled lizards
  3 rats
119 creatures vanquished.

Vanquished Creatures (collateral kills)
  A yak (D:7)
  A black bear (D:7)
  A scorpion (D:5)
  2 jellies
  An orc wizard (D:7)
  An adder (D:2)
  A white imp (D:7)
  A dart slug (D:4)
  3 orcs
  An endoplasm (D:1)
  A goblin (D:4)
  A hobgoblin (D:2)
  A quokka (D:1)
  A kobold (D:7)
17 creatures vanquished.

Vanquished Creatures (others)
  A yak zombie (D:7)
  A black bear zombie (D:7)
  An ogre zombie (D:5)
  A jelly zombie (D:7)
  5 kobold zombies (D:7)
  4 orc zombies
13 creatures vanquished.

Grand Total: 149 creatures vanquished

Notes
Turn   | Place    | Note
-------+----------+-------------------------------------------
     0 | D:1      | dirge the Mummy Necromancer began the quest for the Orb.
     0 | D:1      | Reached XP level 1. HP: 13/13 MP: 4/4
   173 | D:1      | Found a faded altar of an unknown god.
   175 | D:1      | Reached skill level 3 in Spellcasting
   175 | D:1      | Reached XP level 2. HP: 16/19 MP: 4/6
   637 | D:2      | Reached XP level 3. HP: 21/24 MP: 2/7
   709 | D:2      | Learned a level 3 spell: Vampiric Draining
  1127 | D:2      | Reached XP level 4. HP: 30/30 MP: 5/9
  1306 | D:2      | Learned a level 4 spell: Animate Dead
  1688 | D:1      | Reached skill level 4 in Spellcasting
  2051 | D:3      | Found a transporter.
  2264 | D:3      | Noticed Natasha
  2271 | D:3      | Killed Natasha
  2272 | D:3      | Reached XP level 5. HP: 32/35 MP: 5/11
  2486 | D:3      | Reached skill level 5 in Necromancy
  2577 | D:3      | Found a transporter.
  2630 | D:3      | Noticed Jessica
  2634 | D:3      | Killed Jessica
  2701 | D:3      | Noticed Natasha
  2712 | D:3      | Killed Natasha
  3113 | D:3      | Noticed Natasha
  3128 | D:3      | Killed Natasha
  3129 | D:3      | Reached XP level 6. HP: 21/41 MP: 6/13
  3235 | D:3      | Reached skill level 5 in Spellcasting
  3748 | D:4      | Found Zin's Purification Station.
  4297 | D:5      | Entered Level 5 of the Dungeon
  4327 | D:5      | Reached XP level 7. HP: 12/46 MP: 2/15
  4496 | D:5      | Noticed Menkaure
  4498 | D:5      | Found a staircase to the Ecumenical Temple.
  4500 | D:5      | Killed Menkaure
  4501 | D:5      | Reached skill level 6 in Spellcasting
  4558 | Temple   | Entered the Ecumenical Temple
  4566 | Temple   | Became a worshipper of Kikubaaqudgha
  4963 | D:5      | Found a basalt altar of Yredelemnul.
  5167 | D:6      | Noticed Eustachio
  5185 | D:6      | Killed Eustachio
  5186 | D:6      | Reached skill level 7 in Spellcasting
  5186 | D:6      | Reached XP level 8. HP: 41/52 MP: 2/18
  5459 | D:6      | Found Noronob's Specific Store.
  5463 | D:6      | Found Quypnor's General Store.
  5475 | D:6      | Bought a scroll of enchant armour for 82 gold pieces
  5579 | D:6      | Noticed Edmund
  5792 | D:7      | Reached skill level 8 in Spellcasting
  5804 | D:7      | Reached * piety under Kikubaaqudgha
  5804 | D:7      | Received a gift from Kikubaaqudgha
  5810 | D:7      | Learned a level 1 spell: Kiss of Death
  6123 | D:7      | Found Cheibriados's Comfort Zone.
  6124 | D:7      | Found a snail-covered altar of Cheibriados.
  6144 | D:7      | Reached XP level 9. HP: 21/57 MP: 6/21
  6180 | D:7      | Reached skill level 9 in Spellcasting
  6621 | D:8      | Noticed a death yak
  6622 | D:8      | Noticed a death yak
  6623 | D:8      | Noticed a death yak
  6624 | D:8      | Found a staircase to the Lair.
  6624 | D:8      | Noticed a death yak
  6625 | D:8      | Noticed a death yak
  6625 | D:8      | Noticed a death yak
  6630 | D:9      | Noticed a two-headed ogre
  6951 | D:9      | Noticed an orc knight
  6966 | D:9      | Killed from afar by an orc priest

Illustrated notes

Levels and vault maps discovered:
D:1:      dpeg_arrival_chambers_temple_mockup, layout_basic,
          chequers_ecumenical_altar_simple_redux, dreamdust_mushroom_princess
D:2:      layout_rooms
D:3:      gammafunk_wand_slinger, layout_loops_corners, uniq_jessica,
          uniq_natasha
D:4:      layout_basic, zin_purify
D:5:      layout_gridville, lemuel_zombie_altar_yredelemnul, temple_pool_b,
          uniq_menkaure
D:6:      layout_basic, nicolae_specific_store, kennysheep_diamond,
          uniq_eustachio, uniq_edmund, uniq_sigmund
D:7:      layout_rooms, minmay_shop_chei
D:8:      layout_rooms, lemuel_crystal_altar,
          nicolae_gozag_conspicuous_consumption, dpeg_lair_monsters,
          enter_bailey_3, wad_mini_maze, uniq_psyche, uniq_erica
D:9:      layout_loops_corners, serial_shops, nicolae_shop_back_alley_shop,
          nicolae_rejected_hall, uniq_grum
Temple:   compressed_dpeg_triangle_lava_temple

Skill      XL: |  1  2  3  4  5  6  7  8  9 |
---------------+----------------------------+-----
Spellcasting   | 3 4 5 7 8 9 |  9.4
Stealth        | 2 3 4 |  4.9
Dodging        | 2 3 4 |  4.5
Necromancy     | 5 6 8 |  8.6

Action                     |  1- 3 |  4- 6 |  7- 9 || total
---------------------------+-------+-------+-------++-------
  Melee: Unarmed           |     1 |       |       ||     1
         Dagger            |     3 |    20 |    94 ||   117
         Quarterstaff      |     2 |     4 |       ||     6
         Punch             |       |       |     2 ||     2
   Cast: Necrotise         |    66 |    96 |    52 ||   214
         Vampiric Draining |       |     8 |    31 ||    39
         Animate Dead      |       |     4 |     4 ||     8
         Kiss of Death     |       |       |     2 ||     2
  Evoke: Wand              |       |       |    11 ||    11
    Use: Scroll            |       |     8 |     7 ||    15
   Stab: Sleeping          |       |     2 |     3 ||     5
         Paralysed         |       |       |     2 ||     2
 Armour: Robe              |    32 |    28 |   106 ||   166
  Dodge: Dodged            |    36 |    46 |   148 ||   230
